 Dungeon Crawl Stone Soup version 0.28.0-62-gf88900778d (webtiles) character file.

Game seed: 9859671620110879026

24064 cbfl8 the Cleaver (level 12, -1/95 (97) HPs)
             Began as a Minotaur Fighter on July 7, 2023.
             Was an Elder of Hepliaklqana.
             Slain by a troll (8 damage)
             ... on level 13 of the Dungeon on July 8, 2023.
             The game lasted 00:17:32 (19338 turns).

cbfl8 the Cleaver (Minotaur Fighter)               Turns: 19338, Time: 00:17:32

HP:   -1/95 (97)    AC:  1    Str: 23      XL:     12   Next: 77%
MP:   0/11          EV:  7    Int:  3 (5)  God:    Hepliaklqana [****..]
Gold: 280           SH: 10    Dex: 13      Spells: 11/11 levels left

rFire   . . .      SeeInvis .   M - +0 broad axe (vamp)
rCold   . . .      Faith    .   N - +0 kite shield
rNeg    . . .      Spirit   +   u - +0 plate armour
rPois   .          Reflect  .   (helmet restricted)
rElec   .          Harm     .   (no cloak)
rCorr   .          Rampage  .   b - +0 pair of gloves
Will    .....                   (no boots)
Stlth   ..........              c - amulet of guardian spirit
HPRegen 0.25/turn               (no ring)
MPRegen 0.12/turn               (no ring)

@: mighty, corroded, lightly drained
A: reduced essence, horns 2, retaliatory headbutt
a: Renounce Religion, Recall Ancestor, Ancestor Identity, Transference, Idealise


You were on level 13 of the Dungeon.
You worshipped Hepliaklqana.
Hepliaklqana was greatly pleased with you.
You visited 1 branch of the dungeon, and saw 13 of its levels.
You also visited: Ossuary.

You collected 651 gold pieces.
You spent 371 gold pieces at shops.

Inventory:

Hand Weapons
 a - a +0 war axe
 o - a +5 hand axe of venom
 M - a +0 vampiric broad axe (weapon)
Missiles
 e - a silver boomerang (quivered)
 g - 8 boomerangs
 H - a throwing net
Armour
 b - a +0 pair of gloves (worn)
 u - a +0 plate armour (worn)
 N - a +0 kite shield (worn)
Jewellery
 c - an amulet of guardian spirit (around neck)
Wands
 y - a wand of digging (5)
 C - a wand of iceblast (11)
 K - a wand of paralysis (3)
Scrolls
 f - 3 scrolls of teleportation
 i - 3 scrolls of fog
 j - 3 scrolls of blinking
 n - 4 scrolls of noise
 p - 3 scrolls of magic mapping
 q - 3 scrolls of immolation
 s - a scroll of enchant weapon
 D - 4 scrolls of enchant armour {unknown}
 E - 2 scrolls of fear
 F - a scroll of amnesia
 I - a scroll of acquirement {unknown}
 J - a scroll of summoning
Potions
 d - 3 potions of might
 h - a potion of lignification {unknown}
 k - a potion of degeneration {unknown}
 l - 2 potions of mutation {unknown}
 m - 2 potions of cancellation {unknown}
 t - a potion of resistance {unknown}
 w - a potion of flight {unknown}
 x - 5 potions of curing
 z - 2 potions of ambrosia {unknown}
 A - 4 potions of haste {unknown}
 B - 4 potions of attraction {unknown}
Miscellaneous
 L - a tin of tremorstones (2/2)


   Skills:
 + Level 10.7 Fighting
 + Level 14.3 Axes
 + Level 13.2 Armour
 - Level 2.2 Dodging
 + Level 2.8 Stealth
 + Level 7.8 Shields
 * Level 9.2 Evocations


You had 11 spell levels left.
You didn't know any spells.
Your spell library contained the following spells:

 Spells                   Type           Power      Damage    Failure   Level
 Animate Skeleton         Necr           0%         N/A       100%        1
 Pain                     Necr           0%         1d4       100%        1
 Slow                     Hex            0%         N/A       100%        1
 Confusing Touch          Hex            0%         N/A       100%        3
 Ozocubu's Armour         Ice            0%         N/A       100%        3
 Vampiric Draining        Necr           0%         2d6       100%        3
 Olgreb's Toxic Radiance  Pois           0%         N/A       100%        4
 Agony                    Necr           0%         N/A       100%        5
 Excruciating Wounds      Necr           0%         N/A       100%        5
 Metabolic Englaciation   Hex/Ice        0%         N/A       100%        5
 Simulacrum               Ice/Necr       0%         N/A       100%        6
 Ozocubu's Refrigeration  Ice            0%         4d5       100%        7
 Ignition                 Fire           0%         3d3       100%        8


Dungeon Overview and Level Annotations

Branches:
Dungeon (13/15)            Temple (0/1) D:5            Lair (0/6) D:11
    Orc (0/2) D:12        Ossuary (visited)
 Vaults: D:13-14

Altars:
Ashenzari
Dithmenos
Elyvilon
Fedhas
Gozag
Hepliaklqana
Kikubaaqudgha
Makhleb
Nemelex Xobeh
Qazlal
Ru
Trog
Uskayaw
Vehumet
Yredelemnul
Zin

Shops:
D:12 ?


Innate Abilities, Weirdness & Mutations

Your life essence is reduced to manifest your ancestor. (-10% HP)
You have a pair of horns on your head.
You reflexively headbutt those who attack you in melee.


Message History

Frances is severely wounded.
You closely miss the rust devil. You block Frances's attack.
You block the rust devil's attack. Frances barely misses you.
You furiously retaliate!
You headbutt Frances! You closely miss Frances. You headbutt Frances!
Frances is almost dead.
You slash the rust devil! Frances barely misses you. You furiously retaliate!
You headbutt Frances, but do no damage. The rust devil hits you.
The rust devil corrodes you!
Unknown command.
You closely miss Frances. You headbutt Frances!
Frances is almost dead.
You slash the rust devil! You slash the troll!
You feel better.
Frances hits you with a +0 mace of protection.
The neqoxec gestures at you.
You feel dopey. Something feeds on your intellect! The rust devil hits you.
The rust devil corrodes you!
Frances says, "Show me proof of your conquests, and I will call you a great adventurer."
Frances barely misses you. The troll bites you.
* * * LOW HITPOINT WARNING * * *
The troll claws you.
* * * LOW HITPOINT WARNING * * *
You block the troll's attack.
You closely miss Frances.
Frances is almost dead.
You slice the troll!!
You feel better.
You hit the rust devil.
Frances hits you with a +0 mace of protection!
* * * LOW HITPOINT WARNING * * *
The neqoxec gestures at you.
Something tries to feed on your intellect!
The rust devil hits you. The rust devil corrodes you! The troll bites you!
* * * LOW HITPOINT WARNING * * *
You block the troll's attack. The troll barely misses you.
You slash Frances!
You kill Frances!
The rust devil disappears in a puff of smoke!
The neqoxec disappears in a puff of smoke! x2
You closely miss the troll. You block the troll's attack. The troll claws you!
You die...

#...............#.)
####.....$......T....#
#.............#...####
##.###....##....##.
#..>....### ..#. ..
....####.# ... .. ..#
###.)# #...# .
#..T§#.....#
##.@)§......
#...##§K..... #.##
....... #. ....... .
####### #


You could see a troll and a kobold.

Vanquished Creatures
  Frances (D:13)
  3 centaur warriors (D:13)
  A two-headed ogre (D:12)
  2 skeletal warriors (D:12)
  An ugly thing (D:12)
  A cyclops (D:7)
  An unseen horror (D:10)
  A gargoyle (D:13)
  3 kobold demonologists
  2 trolls (D:11)
  A hornet (D:10)
  5 slime creatures
  A wraith (D:12)
  A shadow (D:11)
  8 yaks
  5 humans (D:13)
  A steam dragon (D:10)
  2 acid dragons
  2 water moccasins
  An orc warrior (D:8)
  A sky beast (D:7)
  2 black bears
  3 ogres
  A necrophage (D:6)
  3 centaurs
  3 elf zombies (Ossuary)
  7 kobold brigands
  2 bullfrogs
  3 scorpions
  A gnoll sergeant (D:9)
  A water moccasin zombie (D:5)
  4 killer bees (D:8)
  9 wights
  5 howler monkeys
  An electric eel (D:6)
  2 vampire bats (D:7)
  6 centaur zombies
  4 jellies (D:7)
  5 orc priests
  2 hounds
  A bullfrog skeleton (D:4)
  Jessica (D:3)
  A centaur skeleton (D:6)
  Terence (D:3)
  An iguana (D:6)
  6 orc wizards
  A hound skeleton (D:4)
  2 mummies (Ossuary)
  A howler monkey zombie (D:5)
  Robin (D:4)
  4 adders
  8 gnolls
  A shadow imp (D:6)
  A white imp (D:8)
  4 ufetubi
  An adder zombie (Ossuary)
  3 dart slugs
  35 orcs
  7 ball pythons
  5 bats
  2 bat skeletons (D:7)
  3 bat zombies (D:7)
  10 endoplasms
  5 giant cockroaches
  8 hobgoblins
  4 jackals (D:2)
  5 quokkas
  2 frilled lizards
  22 goblins
  6 hobgoblin zombies (Ossuary)
  3 jackal zombies (Ossuary)
  23 kobolds
  6 kobold zombies (Ossuary)
  10 orc zombies (Ossuary)
  5 rats
  A rat zombie (Ossuary)
308 creatures vanquished.

Vanquished Creatures (collateral kills)
  A boulder beetle (D:13)
  A hydra (D:12)
  2 two-headed ogres
  A death knight (D:12)
  A centaur warrior (D:13)
  A skeletal warrior (D:12)
  2 deep elf pyromancers
  A faun (shapeshifter) (D:13)
  A cyclops (D:12)
  2 centaur zombies (D:10)
  A gargoyle (D:12)
  A kobold demonologist (D:10)
  2 trolls
  2 slime creatures (D:12)
  A basilisk (D:13)
  2 yaks (D:9)
  2 wyverns
  3 humans (D:13)
  An acid dragon (D:9)
  A black bear (D:11)
  2 orc warriors (D:11)
  An ice beast (D:7)
  A necrophage (D:5)
  A centaur (D:13)
  3 kobold brigands
  A bullfrog (D:11)
  A wyvern skeleton (D:7)
  2 wights
  2 howler monkeys
  A jelly (D:8)
  An orc priest (D:8)
  A bullfrog skeleton (D:5)
  An iguana (D:5)
  3 orc wizards
  An adder (D:6)
  A howler monkey skeleton (D:5)
  An adder zombie (Ossuary)
  9 orcs
  A bat zombie (D:7)
  2 endoplasms (D:7)
  3 goblins (D:13)
  7 kobolds
  2 hobgoblin zombies (Ossuary)
  A kobold zombie (Ossuary)
  An orc zombie (Ossuary)
79 creatures vanquished.

Vanquished Creatures (others)
  11 battlemagi
  10 fungi
  11 plants
  9 toadstools (D:7)
41 creatures vanquished.

Grand Total: 428 creatures vanquished

Notes
Turn   | Place    | Note
-------+----------+-------------------------------------------
     0 | D:1      | cbfl8 the Minotaur Fighter began the quest for the Orb.
     0 | D:1      | Reached XP level 1. HP: 19/19 MP: 0/0
    20 | D:1      | Reached XP level 2. HP: 14/27 MP: 1/1
   623 | D:1      | Found a faded altar of an unknown god.
  1149 | D:2      | Reached skill level 1 in Evocations
  1149 | D:2      | Reached XP level 3. HP: 28/33 MP: 2/2
  1463 | D:2      | Reached skill level 3 in Axes
  1822 | D:3      | Noticed Jessica
  2156 | D:3      | Killed Jessica
  2157 | D:3      | Reached XP level 4. HP: 26/40 MP: 3/3
  2645 | D:3      | Reached XP level 5. HP: 46/46 MP: 4/4
  2735 | D:3      | Reached skill level 1 in Dodging
  2738 | D:3      | Noticed Terence
  2747 | D:3      | Killed Terence
  3045 | D:3      | Found a faded altar of an unknown god.
  3045 | D:3      | Found a faded altar of an unknown god.
  3047 | D:3      | Found a hazy altar of Hepliaklqana.
  3068 | D:3      | Became a worshipper of Hepliaklqana the Forgotten
  3251 | D:4      | Noticed Robin
  3296 | D:4      | Killed Robin
  3297 | D:4      | Reached skill level 4 in Axes
  3633 | D:4      | Reached XP level 6. HP: 52/53 MP: 5/5
  3944 | D:4      | Reached skill level 5 in Armour
  3951 | D:4      | Found a shadowy altar of Dithmenos.
  3972 | D:4      | Found a glowing silver altar of Zin.
  4411 | D:5      | Entered Level 5 of the Dungeon
  4460 | D:5      | Reached skill level 5 in Axes
  4632 | D:5      | Reached * piety under Hepliaklqana
  4672 | D:5      | Reached XP level 7. HP: 54/54 MP: 6/6
  4688 | D:5      | Reached skill level 5 in Fighting
  4894 | D:5      | Found a blossoming altar of Fedhas.
  5120 | D:5      | Found a basalt altar of Yredelemnul.
  5120 | D:5      | Found a burning altar of Makhleb.
  5137 | D:5      | Reached skill level 6 in Axes
  5137 | D:5      | Reached skill level 1 in Stealth
  5277 | D:5      | Found a staircase to the Ecumenical Temple.
  5308 | D:5      | Identified the +1 leather armour of Nowkeugh {rPois rF+}
  5496 | D:6      | Reached XP level 8. HP: 51/62 MP: 7/7
  5723 | D:6      | Found an opulent altar of Gozag.
  5732 | D:6      | Reached skill level 7 in Axes
  6082 | D:6      | Found a radiant altar of Vehumet.
  6194 | D:6      | Found a white marble altar of Elyvilon.
  6250 | D:6      | Reached skill level 8 in Axes
  6545 | D:7      | Reached ** piety under Hepliaklqana
  6546 | D:7      | Remembered your ancestor Valentine as a battlemage
  6555 | D:7      | Noticed a cyclops
  6565 | D:7      | Killed a cyclops
  6576 | D:7      | Reached XP level 9. HP: 50/67 MP: 8/8
  6584 | D:7      | Noticed a deep elf pyromancer
  6603 | D:7      | Reached skill level 5 in Shields
  6608 | D:7      | Found a sand-covered staircase.
  6614 | Ossuary  | Entered an ossuary
  7262 | Ossuary  | Reached skill level 5 in Evocations
  7273 | Ossuary  | Reached skill level 9 in Axes
  7693 | D:7      | Found a sparkling altar of Nemelex Xobeh.
  7876 | D:7      | Killed a deep elf pyromancer
  7877 | D:7      | Reached skill level 10 in Axes
  8121 | D:7      | Found an ancient bone altar of Kikubaaqudgha.
  8515 | D:7      | Noticed a two-headed ogre
  8522 | D:7      | Killed a two-headed ogre
  8523 | D:7      | Reached XP level 10. HP: 22/77 MP: 9/9
  9317 | D:7      | Reached skill level 11 in Axes
 10047 | D:8      | Reached *** piety under Hepliaklqana
 10048 | D:8      | Found a broken altar of Ashenzari.
 10995 | D:9      | Found a hide-covered altar of Uskayaw.
 11166 | D:9      | Found a sacrificial altar of Ru.
 11697 | D:9      | Reached skill level 12 in Axes
 12134 | D:9      | Reached skill level 10 in Armour
 12139 | D:9      | Noticed a sixfirhy
 12414 | D:9      | Found a stormy altar of Qazlal.
 12744 | D:10     | Entered Level 10 of the Dungeon
 12772 | D:10     | Reached XP level 11. HP: 83/85 MP: 10/10
 12895 | D:10     | Noticed a sun demon
 13995 | D:11     | Reached **** piety under Hepliaklqana
 14563 | D:11     | Found a staircase to the Lair.
 14818 | D:12     | Found a staircase to the Orcish Mines.
 15102 | D:12     | Noticed a skeletal warrior
 15106 | D:12     | Noticed a skeletal warrior
 15201 | D:12     | Found Obalud's Magic Scroll Shop.
 15215 | D:12     | Reached skill level 13 in Axes
 15278 | D:12     | Bought a scroll of holy word for 105 gold pieces
 15278 | D:12     | Bought a scroll of identify for 28 gold pieces
 15278 | D:12     | Bought a scroll of blinking for 105 gold pieces
 15278 | D:12     | Bought a scroll of summoning for 133 gold pieces
 15580 | D:12     | Noticed a two-headed ogre
 15588 | D:12     | Killed a two-headed ogre
 15815 | D:12     | Noticed a white ugly thing
 15829 | D:12     | Killed a white ugly thing
 16126 | D:12     | Noticed a seven-headed hydra
 16135 | D:12     | Killed an 11-headed hydra
 16136 | D:12     | Reached XP level 12. HP: 34/95 MP: 4/11
 16656 | D:12     | Noticed a death knight
 16673 | D:12     | Killed a death knight
 17034 | D:12     | Reached skill level 10 in Fighting
 17850 | D:13     | Noticed a centaur warrior
 17853 | D:13     | Noticed Frances
 18009 | D:13     | Noticed a centaur warrior
 18010 | D:13     | Noticed a boulder beetle
 18275 | D:13     | Noticed a two-headed ogre
 18338 | D:13     | Killed a centaur warrior
 18340 | D:13     | Noticed a centaur warrior
 18351 | D:13     | Killed a centaur warrior
 18362 | D:13     | Killed a centaur warrior
 18435 | D:13     | Killed a two-headed ogre
 18436 | D:13     | Reached skill level 14 in Axes
 18619 | D:13     | Noticed a centaur warrior
 18627 | D:13     | Killed a centaur warrior
 18797 | D:13     | Noticed a great orb of eyes
 18799 | D:13     | a great orb of eyes changed into a faun
 19116 | D:13     | Found a bloodstained altar of Trog.
 19177 | D:13     | Noticed a vault guard
 19180 | D:13     | Killed a boulder beetle
 19338 | D:13     | Killed Frances
 19338 | D:13     | Slain by a troll

Illustrated notes

Levels and vault maps discovered:
D:1:      minmay_arrival_cross, layout_basic,
          shapermc_ecumenical_altar_totnotflames, minmay_door_square
D:2:      layout_loops_ring
D:3:      layout_rooms, nicolae_hepliaklqana_ecumenical_no_more, serial_curves,
          eino_curves_03, eino_curves_04, grunt_ministairs_1,
          minmay_misc_feat_chi, minmay_cupped, uniq_jessica, uniq_terence
D:4:      cheibrodos_helix_gallery, layout_basic, nicolae_overflow_squiral,
          chequers_serial_rivers_large_a, uniq_robin
D:5:      layout_cave_pools, fedhas_altar_2, gammafunk_temple_overflow_wave,
          minmay_temple_entry_poolview
D:6:      wander_river, layout_basic, nicolae_vehumet_altar_sigil,
          nicolae_elyvilon_temple_path, marbit_many_paths
D:7:      cheibrodos_fertilizer, layout_layer_cave, kennysheep_vampire_church,
          nemelex_dance_club_becter, nicolae_ossuary_entry_plus, kb_rosetta
D:8:      layout_basic, mainiacjoe_overflow_alcove_2, supply_closet_lemuel,
          minmay_misc_feat_encased
D:9:      layout_roguey, nicolae_qazlal_eye_of_the_storm, hangedman_ru_absence,
          eat_drink_and_be_merry_uskayaw
D:10:     layout_long_grid
D:11:     layout_stronghold, grunt_lair_entry_orc_guard_hut
D:12:     layout_loops_corners, orc_0_dummy, serial_shops, nicolae_stop_n_shop_2
D:13:     layout_rooms, ximxim_vaults_locker_room, trog_hazing_becter,
          uniq_frances

Skill      XL: |  1  2  3  4  5  6  7  8  9 10 11 12 |
---------------+-------------------------------------+-----
Fighting       | 4 5 6 7 8 9 10 | 10.7
Armour         | 4 5 6 7 8 10 11 13 | 13.2
Evocations     | 1 2 3 4 5 6 8 9 |  9.2
Axes           | 3 4 5 6 8 10 12 13 14 | 14.3
Shields        | 4 5 6 7 |  7.8
Dodging        | 2 |  2.2
Stealth        | 1 2 |  2.8

Action                   |  1- 3 |  4- 6 |  7- 9 | 10-12 || total
-------------------------+-------+-------+-------+-------++-------
Melee: War axe           |    71 |    48 |       |       ||   119
       Headbutt          |    10 |    22 |    61 |   118 ||   211
       Hand axe          |       |   112 |   241 |   389 ||   742
       Broad axe         |       |       |       |    80 ||    80
Throw: Boomerang         |       |       |       |     1 ||     1
Invok: Ancestor Life: Ba |       |       |     1 |       ||     1
       Recall Ancestor   |       |       |     1 |       ||     1
       Ancestor Identity |       |       |     1 |       ||     1
       Idealise          |       |       |       |     1 ||     1
  Use: Potion            |       |     1 |     1 |     9 ||    11
       Scroll            |       |     3 |     6 |    11 ||    20
 Stab: Distracted        |       |       |     1 |     6 ||     7
Armor: Scale mail        |    35 |    51 |       |       ||    86
       Plate armour      |       |    21 |   108 |   232 ||   361
Dodge: Dodged            |    34 |    85 |    62 |   121 ||   302
Block: Buckler           |    12 |    40 |    32 |    90 ||   174
       Kite shield       |       |       |       |    61 ||    61
